 Dungeon Crawl Stone Soup version 0.27-a0-531-gb72ec1a1b6 (webtiles) character file.

Game seed: 4791705713394906194

254 jasper the Skirmisher (level 5, 0/43 HPs)
             Began as a Demonspawn Arcane Marksman on Mar 5, 2021.
             Was a Believer of Nemelex Xobeh.
             Slain by a worker ant (5 damage)
             ... on level 4 of the Dungeon.
             The game lasted 00:03:46 (3315 turns).

jasper the Skirmisher (Demonspawn Arcane Marksman)  Turns: 3315, Time: 00:03:46

Health: 0/43       AC:  7    Str: 10    XL:     5   Next: 91%
Magic:  8/8        EV:  5    Int: 14    God:    Nemelex Xobeh [**....]
Gold:   131        SH: 10    Dex: 15    Spells: 5/6 levels left

rFire    . . .     SeeInvis .   m - +0 morningstar
rCold    + . .     Faith    .   l - +0 tower shield
rNeg     . . .     Spirit   .   b - +0 ring mail
rPois    .         Reflect  .   (no helmet)
rElec    .         Harm     .   (no cloak)
rCorr    .         Rampage  .   (no gloves)
Will     .....                  (no boots)
Stlth    +.........             (no amulet)
HPRegen  0.14/turn              i - ring of protection from cold
MPRegen  0.11/turn              (no ring)

@: lethally poisoned (0 -> -18)
A: slimy green scales 1, foul stench 1
a: Renounce Religion, Draw Escape, Draw Destruction, Draw Summoning


You were on level 4 of the Dungeon.
You worshipped Nemelex Xobeh.
Nemelex Xobeh was pleased with you.
You visited 1 branch of the dungeon, and saw 4 of its levels.

You collected 131 gold pieces.

Inventory:

Hand Weapons
 c - a +2 vampiric dagger
 m - a +0 morningstar (weapon)
Missiles
 d - a throwing net
 e - 4 javelins
 f - 12 bolts
 g - 11 poisoned darts (quivered)
Armour
 a - a +0 robe
 b - a +0 ring mail (worn)
 l - a +0 tower shield (worn)
Jewellery
 i - a ring of protection from cold (left hand)
Scrolls
 h - a scroll of magic mapping {unknown}
 r - a scroll of enchant armour {unknown}
 s - a scroll of teleportation {unknown}
 t - a scroll of amnesia {unknown}
Potions
 j - 2 potions of curing {unknown}
 k - a potion of brilliance {unknown}
 n - a potion of degeneration {unknown}
 o - a potion of heal wounds {unknown}
 p - a potion of haste {unknown}
 q - a potion of cancellation {unknown}


   Skills:
 * Level 4.9 Fighting
 - Level 1.7 Throwing
 - Level 1.7 Dodging
 - Level 1.0 Spellcasting
 - Level 3.0 Hexes
 + Level 4.0 Invocations


You had 5 spell levels left.
You knew the following spells:

 Your Spells              Type           Power      Damage    Failure   Level
a - Corona                Hex            10%        N/A       99%         1

Your spell library contained the following spells:

 Spells                   Type           Power      Damage    Failure   Level
 Slow                     Hex            9%         N/A       100%        2
 Inner Flame              Hex/Fire       4%         N/A       100%        3
 Portal Projectile        Hex/Tloc       8%         N/A       100%        3
 Cause Fear               Hex            4%         N/A       100%        4
 Leda's Liquefaction      Hex/Erth       2%         N/A       100%        4


Dungeon Overview and Level Annotations

Branches:
Dungeon (4/15)
 Temple: D:4-7

Altars:
Ashenzari
Nemelex Xobeh
Zin


Innate Abilities, Weirdness & Mutations

You are partially covered in slimy green scales. (AC +2)
You may rarely emit foul miasma when damaged in melee.


Message History

You hit the worker ant.
The worker ant is moderately wounded.
You block the worker ant's attack. x2; The worker ant bites you.
You take 1 damage, and have 34/43 hp.
You hit the worker ant.
The worker ant is heavily wounded.
You feel sick. You block the worker ant's attack.
The worker ant barely misses you.
You hit the worker ant but do no damage.
The worker ant is heavily wounded.
The worker ant bites you.
You are more poisoned.
The worker ant poisons you! The worker ant bites you. x2
You take 7 damage, and have 27/43 hp.
You are too injured to fight recklessly!
You are too injured to fight recklessly!
You are too injured to fight recklessly!
You hit the worker ant.
The worker ant is heavily wounded.
You feel sick. The worker ant bites you.
You are more poisoned.
The worker ant poisons you! The worker ant bites you.
You take 10 damage, and have 17/43 hp.
MASSIVE DAMAGE!!
You hit the worker ant but do no damage.
The worker ant is heavily wounded.
You feel very sick. You block the worker ant's attack.
The worker ant bites you.
* * * LOW HITPOINT WARNING * * *
You take 6 damage, and have 11/43 hp.
You hit the worker ant.
The worker ant is almost dead.
* * * LOW HITPOINT WARNING * * *
You feel very sick. The worker ant bites you.
* * * LOW HITPOINT WARNING * * *
You are more poisoned.
The worker ant poisons you! The worker ant barely misses you.
The worker ant bites you.
You die...
Your body glows slightly and disappears.

#######
########.....####
.#>....).....#..#
.#.....#.....'..+
.#.....#.....#..#
'###...#.....#..#######+
.###...#.....#..@B......
.......#.....#..........
.......+.....#..........
.......#.....#..........
#+######.....#+#########
. .> .. ..


You could see a worker ant.

Vanquished Creatures
  An ogre (D:4)
  A hound (D:4)
  An orc priest (D:4)
  2 adders (D:2)
  3 worms (D:3)
  A dart slug (D:2)
  A leopard gecko (D:2)
  10 orcs
  3 giant cockroaches
  6 goblins
  4 hobgoblins
  7 kobolds
  A ball python (D:3)
  8 bats
  6 frilled lizards
  4 rats
59 creatures vanquished.

Vanquished Creatures (collateral kills)
  An orc priest (D:4)
  A leopard gecko skeleton (D:4)
2 creatures vanquished.

Grand Total: 61 creatures vanquished

Notes
Turn   | Place    | Note
-------+----------+-------------------------------------------
     0 | D:1      | jasper the Demonspawn Arcane Marksman began the quest for
                  | the Orb.
     0 | D:1      | Reached XP level 1. HP: 15/15 MP: 2/2
   350 | D:1      | Found a sparkling altar of Nemelex Xobeh.
   358 | D:1      | Became a worshipper of Nemelex Xobeh the Trickster
   577 | D:1      | Gained mutation: You may rarely emit foul miasma when
                  | damaged in melee. [demonic ancestry]
   577 | D:1      | Reached XP level 2. HP: 22/22 MP: 3/3
  1074 | D:2      | Reached skill level 1 in Invocations
  1148 | D:2      | Reached XP level 3. HP: 28/28 MP: 4/4
  1187 | D:2      | Reached * piety under Nemelex Xobeh
  1364 | D:2      | Noticed an angel
  1698 | D:3      | Received a gift from Nemelex Xobeh
  2162 | D:3      | Reached XP level 4. HP: 24/35 MP: 5/5
  2263 | D:3      | Found a broken altar of Ashenzari.
  2620 | D:3      | Reached ** piety under Nemelex Xobeh
  3092 | D:4      | Gained mutation: You are partially covered in slimy green
                  | scales. (AC +2) [demonic ancestry]
  3092 | D:4      | Reached XP level 5. HP: 29/42 MP: 7/7
  3277 | D:4      | Noticed an ogre
  3280 | D:4      | Killed an ogre
  3315 | D:4      | Slain by a worker ant

Illustrated notes

Levels and vault maps discovered:
D:1:      minmay_arrival_hallway, layout_basic, kennysheep_another_room,
          minivault_23, nemelex_altar_shiori
D:2:      lemuel_upstairs_altar, layout_rooms, zin_angel
D:3:      layout_loops_corners, nicolae_ashenzari_panopticon
D:4:      layout_gridville, minmay_misc_feat_chi, eino_tiny_chamber

Skill      XL: |  1  2  3  4  5 |
---------------+----------------+-----
Fighting       | 2 3 4 |  4.9
Invocations    | 1 2 3 4 |  4.0
Throwing       | |  1.7
Dodging        | |  1.7
Spellcasting   | |  1.0
Hexes          | |  3.0

Action                   |  1- 3 |  4- 6 || total
-------------------------+-------+-------++-------
Melee: Dagger            |   141 |       ||   141
       Unarmed           |     7 |       ||     7
       Morningstar       |     6 |    65 ||    71
Throw: Javelin           |     7 |       ||     7
       Throwing net      |     2 |       ||     2
       Dart              |    25 |     6 ||    31
Invok: Draw Destruction  |       |     5 ||     5
       Draw Summoning    |       |     1 ||     1
Armor: Ring mail         |    87 |    23 ||   110
Dodge: Dodged            |   111 |    24 ||   135
Block: Tower shield      |    15 |    46 ||    61

Table legend: (Time is in decaauts)
 A = Elapsed time spent in this place.
 B = Non-inter-level travel time spent in this place.
 C = Inter-level travel time spent in this place.
 D = Time resting spent in this place.
 E = Time spent auto-exploring this place.
 F = Levels seen in this place.
 G = Mean time per level.
                   A        B        C        D        E       F      G
               +--------+--------+--------+--------+--------+-----+--------+
         Total |   3398 |   3337 |     61 |     45 |   2684 |   4 |  849.5 |
       Dungeon |   3398 |   3337 |     61 |     45 |   2684 |   4 |  849.5 |
               +--------+--------+--------+--------+--------+-----+--------+

Top non-repeatable levels by time:
     D:3: 1348 daAuts
     D:1: 1066 daAuts
     D:2: 511 daAuts
     D:4: 472 daAuts
